 Dungeon Crawl Stone Soup version 0.30.0-15-g856e2d3f33 (webtiles) character file.

Game seed: 1528023771423171619

80 qw the Shield-Bearer (level 4, 0/28 HPs)
             Began as a Gargoyle Fighter on May 21, 2023.
             Was an Initiate of Okawaru.
             Slain by an orc
             ... wielding a +0 short sword
              (1 damage)
             ... on level 4 of the Dungeon.
             The game lasted 00:01:11 (2353 turns).

qw the Shield-Bearer (Gargoyle Fighter)             Turns: 2353, Time: 00:01:11

Health: 0/28       AC: 18    Str: 19 (21) XL:     4   Next: 39%
Magic:  4/4        EV:  4    Int:  8 (9)  God:    Okawaru [......]
Gold:   116        SH:  0    Dex:  8 (9)  Spells: 3/3 levels left

rFire   . . .        Y - +0 war axe (heavy)
rCold   . . .        k - +0 tower shield
rNeg    + . .        a - +0 chain mail
rPois   inf          i - +0 helmet
rElec   +            (no cloak)
rCorr   .            c - +2 pair of gloves
SInv    .            h - +0 pair of boots
Will    .....        (no amulet) Stlth
                     o - +4 ring of slaying {mikee}
HPRegen 0.24/turn    (no ring)
MPRegen 0.09/turn

%: no passive effects
@: confused
A: sickness immunity, AC +3, negative energy resistance 1, electricity
resistance, torment resistance 1, petrification resistance
a: Renounce Religion


You were on level 4 of the Dungeon.
You worshipped Okawaru.
Okawaru was noncommittal.
You visited 1 branch of the dungeon, and saw 4 of its levels.

You collected 116 gold pieces.


Innate Abilities, Weirdness & Mutations

You are immune to sickness and miasma.
Your stone body is resilient. (AC +3)
You are immune to poison.
You resist negative energy. (rN+)
You are resistant to electric shocks. (rElec)
You are resistant to unholy torment.
You are immune to petrification.


   Skills:
 - Level 3.2 Fighting
 - Level 3.5 Axes
 - Level 3.2 Armour
 + Level 4.1 Shields


You had 3 spell levels left.
You didn't know any spells.
Your spell library was empty.

Inventory:

Hand Weapons
 g - a +0 flail
 Y - a +0 heavy war axe (weapon)
Armour
 a - a +0 chain mail (worn)
 c - a +2 pair of gloves (worn)
 h - a +0 pair of boots (worn)
 i - a +0 helmet (worn)
 k - a +0 tower shield (worn)
Jewellery
 o - a +4 ring of slaying (left hand) {mikee}
Scrolls
 j - a scroll of identify
Potions
 d - 4 potions of might
 f - a potion of attraction
 l - a potion of magic {unknown}
 p - a potion of mutation {unknown}

Dungeon Overview and Level Annotations

Branches:
Dungeon (4/15)
 Temple: D:4-7

Altars:
Okawaru

Shops:
D:1 =


Message History

You block the orc's attack.
You hit the orc.
The orc is almost dead.
You block the orc's attack. x2
You slice the orc!!
You kill the orc!
Okawaru accepts your kill.
You start resting.
HP restored.
Done exploring.
(D) Dungeon
Where to? (* - list waypoints, Enter - D:4, ? - help)
What level of the Dungeon? (default 1, ? - help)
You climb downwards.
You hear the sound of rushing water.
There is an entrance to a sewer on this level.
Hurry and find it before the portal rusts away!
There is a stone staircase leading up here.
There are monsters nearby!
You hit the orc.
The orc is moderately wounded.
The orc wizard points at you and mumbles some strange words.
You are confused.
The orc priest invokes the aid of Beogh against you.
Beogh smites you! The orc hits you but does no damage.
The orc barely misses you. The orc wizard casts a spell at you.
The puff of flame hits you.
The orc priest miscasts a cantrip.
The orc complains repeatedly, as Orcs often do.
The orc hits you with a +2 flail of protection!
The orc hits you but does no damage. The orc hits you but does no damage.
The orc wizard gestures at you while chanting.
You resist with some effort. The orc hits you with a +0 short sword.
The orc closely misses you.
The orc wizard hits you but does no damage.
The orc hits you but does no damage. x2
The orc wizard hits you but does no damage.
The orc hits you with a +0 short sword.
You die...

#. #. ##.##
...# # #:.#
##.#..#
###.....###
......o@o.#
###...#o###
##. #o# ..
.o. #. #..
# #..# #..#
...#


You could see an orc priest, an orc wizard and 3 orcs.

Vanquished Creatures
  A worm (D:3)
  2 dart slugs
  10 orcs (D:3)
  5 bats
  4 endoplasms
  A giant cockroach (D:3)
  5 goblins
  6 hobgoblins
  8 jackals
  3 kobolds
  2 quokkas
  4 frilled lizards
  5 rats
56 creatures vanquished.

Notes
Turn   | Place    | Note
-------+----------+-------------------------------------------
     0 | D:1      | qw the Gargoyle Fighter began the quest for the Orb.
     0 | D:1      | Reached XP level 1. HP: 14/14 MP: 1/1
     0 | D:1      | 0 ||| qw: Version: 0.2-a-98-g16b38d9
     0 | D:1      | 0 ||| qw: Game counter: 5
     0 | D:1      | 0 ||| qw: Always use a shield: true
     0 | D:1      | 0 ||| qw: God list: Okawaru
     0 | D:1      | 0 ||| qw: Allow faded altars: false
     0 | D:1      | 0 ||| qw: Do Orc after D:15 true
     0 | D:1      | 0 ||| qw: Do second Lair branch before Depths: true
     0 | D:1      | 0 ||| qw: Lair rune preference: random
     0 | D:1      | 0 ||| qw: Plans: Normal, Zot:1-4, God:TSO, Crypt, Tomb,
                  | Pan, Slime:5, Hells, Abyss, Win
     0 | D:1      | 0 ||| PLANNING D:1-11
   111 | D:1      | Reached XP level 2. HP: 19/19 MP: 2/2
   169 | D:1      | Found Reocet's Jewellery Boutique.
   201 | D:1      | Reached skill level 3 in Axes
   214 | D:1      | 214 ||| SHOPLISTING amulet of guardian spirit (300 gold,
                  | have 16).
   214 | D:1      | 214 ||| SHOPLISTING amulet of reflection (300 gold, have
                  | 16).
   214 | D:1      | 214 ||| SHOPLISTING ring of fire (250 gold, have 16).
   275 | D:1      | Reached XP level 3. HP: 23/23 MP: 3/3
   485 | D:1      | 485 ||| UPGRADING to +0 pair of boots.
   490 | D:1      | 490 ||| UPGRADING to +0 helmet.
   495 | D:1      | 495 ||| READING 2 scrolls labelled IRAEKLOVU.
   496 | D:1      | 496 ||| READING 2 scrolls labelled AROOMOVIVE.
   597 | D:1      | 597 ||| READING 3 scrolls labelled RERE NYNNUWUGAMN.
   598 | D:1      | 598 ||| READING scroll labelled IVOFERE ISESENAFF.
   599 | D:1      | 599 ||| READING scroll labelled ILEYWO SYNWEWI.
   602 | D:1      | 602 ||| READING scroll labelled YSYNEO RUNUM.
   603 | D:1      | 603 ||| DRINKING 2 fizzy coppery potions.
   604 | D:1      | 604 ||| DROPPING scroll of poison.
   605 | D:1      | 605 ||| DROPPING scroll of silence.
   606 | D:1      | 606 ||| DROPPING potion of degeneration.
   653 | D:2      | 653 ||| Stepping ~*~*~tactically~*~*~ (hiding).
  1070 | D:2      | 1070 ||| DROPPING +0 club.
  1496 | D:2      | 1496 ||| UPGRADING to +0 chain mail.
  1506 | D:2      | 1506 ||| DROPPING +0 scale mail.
  1507 | D:2      | 1507 ||| UPGRADING to +0 tower shield.
  1517 | D:2      | 1517 ||| DROPPING +0 buckler.
  1518 | D:2      | 1518 ||| DRINKING 2 white potions.
  1519 | D:2      | 1519 ||| READING 3 scrolls of identify.
  1519 | D:2      | 1519 ||| IDENTIFYING bubbling green potion
  1585 | D:3      | 1585 ||| Stepping ~*~*~tactically~*~*~ (stealth).
  1586 | D:3      | 1586 ||| Stepping ~*~*~tactically~*~*~ (stealth).
  1644 | D:3      | 1644 ||| Stepping ~*~*~tactically~*~*~ (stealth).
  1663 | D:3      | Reached XP level 4. HP: 28/28 MP: 4/4
  1837 | D:3      | Found an iron altar of Okawaru.
  1838 | D:3      | 1838 ||| PLANNING OKAWARU WORSHIP
  1838 | D:3      | 1838 ||| UPGRADING to +2 pair of gloves.
  1843 | D:3      | 1843 ||| READING scroll labelled OCKIHO ITUPOCKO.
  1844 | D:3      | 1844 ||| READING scroll labelled KEAPAR TUJI.
  1845 | D:3      | 1845 ||| READING 2 scrolls of identify.
  1845 | D:3      | 1845 ||| IDENTIFYING red potion
  1846 | D:3      | 1846 ||| DROPPING potion of flight.
  1853 | D:3      | Became a worshipper of Warmaster Okawaru
  1853 | D:3      | 1853 ||| PLANNING D:1-11
  2074 | D:3      | Reached skill level 4 in Shields
  2088 | D:3      | Found a faded altar of an unknown god.
  2291 | D:3      | 2291 ||| UPGRADING to +4 ring of slaying {mikee}.
  2292 | D:3      | 2292 ||| READING scroll labelled YCEXKO LUUCHUY.
  2293 | D:3      | 2293 ||| READING scroll labelled JAIRUE HAFIL.
  2294 | D:3      | 2294 ||| READING scroll labelled IZXOICLOUZ.
  2320 | D:4      | 2320 ||| PLANNING SEWER
  2321 | D:4      | 2321 ||| STAIRDANCE
  2323 | D:3      | 2323 ||| DRINKING potion of curing.
  2323 | D:3      | 2323 ||| (to cure confusion)
  2348 | D:4      | HP: 4/28 [orc/+2 flail of protection (10)]
  2351 | D:4      | HP: 1/28 [orc/+0 short sword (4)]
  2353 | D:4      | Slain by an orc

Levels and vault maps discovered:
D:1:      dpeg_arrival_fog, layout_rooms, serial_shops, nicolae_shop_crystal
D:2:      layout_basic
D:3:      layout_loops_ring, okawaru_ov_weapons_minmay,
          dilly_ecumenical_altar_fadedgnrine, kennysheep_cross_bottleneck,
          serial_park_tiny_1
D:4:      layout_loops_corners, nicolae_hepliaklqana_hippocampus,
          nemelex_diamond_rough_becter, gup_sewer_entry_spiral

Skill      XL: |  1  2  3  4 |
---------------+-------------+-----
Axes           | 2 3 |  3.5
Shields        | 4 |  4.1
Fighting       | |  3.2
Armour         | |  3.2

Action                     |  1- 3 |  4- 6 || total
---------------------------+-------+-------++-------
  Melee: War axe           |   131 |    38 ||   169
    Use: Scroll            |     7 |     6 ||    13
         Potion            |     2 |     1 ||     3
 Armour: Scale mail        |    60 |       ||    60
         Chain mail        |    13 |    31 ||    44
  Dodge: Dodged            |    46 |     8 ||    54
  Block: Buckler           |    17 |       ||    17
         Tower shield      |    14 |    29 ||    43

Table legend:
 A = Non-vault XP
 B = Vault XP
 C = Vault XP percentage of total XP
 D = Non-vault monster count
 E = Vault monster count
 F = Vault count percentage of total count
                 A         B        C        D         E       F
            +---------+---------+-------+---------+---------+-------
      Total |     115 |       0 |   0.0 |      56 |       0 |   0.0
            +---------+---------+-------+---------+---------+-------
        D:1 |      39 |       0 |   0.0 |      20 |       0 |   0.0
        D:2 |      26 |       0 |   0.0 |      15 |       0 |   0.0
        D:3 |      50 |       0 |   0.0 |      21 |       0 |   0.0
            +---------+---------+-------+---------+---------+-------
